 Dungeon Crawl Stone Soup version 0.27-a0-1090-gb115f176c6 (webtiles) character file.

Game seed: 17398890949183623374

53 rageheart7 the Insei (level 3, -2/30 HPs)
             Began as a Draconian Transmuter on Apr 27, 2021.
             Killed by divine providence
             ... invoked by an orc priest
              (12 damage)
             ... on level 3 of the Dungeon.
             The game lasted 00:03:27 (2067 turns).

rageheart7 the Insei (Draconian Transmuter)         Turns: 2067, Time: 00:03:27

Health: -2/30      AC:  5    Str: 12    XL:     3   Next: 62%
Magic:  0/6        EV: 12    Int: 13    God:
Gold:   90         SH:  0    Dex: 15    Spells: 5/6 levels left

rFire    . . .     SeeInvis .     - Unarmed
rCold    . . .     Faith    .   (no shield)
rNeg     . . .     Spirit   +   (armour unavailable)
rPois    .         Reflect  .   (helmet currently unavailable)
rElec    .         Harm     .   (no cloak)
rCorr    .         Rampage  .   (no gloves)
Will     .....                  (boots currently unavailable)
Stlth    +.........             a - amulet of Eternity {Spirit Dex+3}
HPRegen  0.10/turn              (no ring)
MPRegen  0.10/turn              (no ring)

@: appendages (expiring)
A: horns 2, talons 2, AC +5, unfitting armour, cold-blooded
a: End Transformation


You were on level 3 of the Dungeon.
You had temporarily grown beastly horns and talons.
You visited 1 branch of the dungeon, and saw 3 of its levels.

You collected 90 gold pieces.

Inventory:

Armour
 e - a +0 hat (melded)
Jewellery
 a - the amulet of Eternity (around neck) {Spirit Dex+3}
   (You acquired it on level 2 of the Dungeon)

   [amulet of guardian spirit]

   It causes incoming damage to be divided between your reserves of health and
   magic.
   It affects your dexterity (+3).
 h - a ring of protection from fire


   Skills:
 * Level 2.9 Fighting
 - Level 1.7 Dodging
 * Level 3.9 Unarmed Combat
 - Level 2.0 Spellcasting
 - Level 2.0 Transmutations


You had 5 spell levels left.
You knew the following spells:

 Your Spells              Type           Power      Damage    Failure   Level
a - Beastly Appendage     Tmut           12%        N/A       11%         1

Your spell library contained the following spells:

 Spells                   Type           Power      Damage    Failure   Level
 Wereblood                Tmut           6%         N/A       17%         2
 Spider Form              Tmut/Pois      1%         N/A       45%         3
 Ice Form                 Ice/Tmut       3%         N/A       86%         4
 Hydra Form               Tmut           3%         N/A       97%         5


Dungeon Overview and Level Annotations

Branches:
Dungeon (3/15)

Altars:

Portals:
Sewer: D:3


Innate Abilities, Weirdness & Mutations

You have temporarily grown beastly horns and talons.
Your plain brown scales are hard. (AC +5)
You cannot fit into any form of body armour.
You are cold-blooded and may be slowed by cold attacks.


Message History

The adder is lightly wounded.
The adder misses you. The adder bites you but does no damage.
You closely miss the adder. Your kick misses the adder. You headbutt the adder!
The adder is severely wounded.
The adder bites you.
You are too injured to fight recklessly!
You are too injured to fight recklessly!
You are too injured to fight recklessly!
You are too injured to fight recklessly!
You are too injured to fight recklessly!
You are too injured to fight recklessly!
You are too injured to fight recklessly!
You are too injured to fight recklessly!
You are too injured to fight recklessly!
You are too injured to fight recklessly!
You are too injured to fight recklessly!
You are too injured to fight recklessly!
You are too injured to fight recklessly!
You are too injured to fight recklessly!
You are too injured to fight recklessly!
You are too injured to fight recklessly!
Unknown command.
You barely miss the adder. Your kick misses the adder.
Your tail-slap misses the adder.
The adder is severely wounded.
The adder bites you.
You closely miss the adder. Your kick misses the adder.
Your headbutt misses the adder.
Your tail-slap misses the adder.
The adder is severely wounded.
The adder bites you.
* * * LOW HITPOINT WARNING * * *
You barely miss the adder.
The adder is severely wounded.
The adder bites you but does no damage.
You barely miss the adder. You tail-slap the adder.
The adder is almost dead.
The adder bites you but does no damage.
The orc priest invokes the aid of Beogh against you.
Beogh smites you!
You die...

######### ##
#.......# ..
#.##+##.# .##
#.#≈≈≈#.# ..#
#.#≈≈≈#.# #.#
#.#B∩≈#.. #.#
#.#B≈≈#..
#S###@#BB≈#..
#..##S#####..
#.##.##oo......
#.(.......###..
####..###o....?
##... .##... . ....
o. ....
B.########.#.####...
....## #.o .......


You could see an orc priest, an adder, 3 orcs and 4 giant cockroaches.

Vanquished Creatures
  2 adders
  An orc (D:3)
  4 bats
  5 endoplasms
  A giant cockroach (D:1)
  3 goblins (D:1)
  4 hobgoblins
  A quokka (D:1)
  2 ball pythons
  6 kobolds
  A rat (D:1)
30 creatures vanquished.

Notes
Turn   | Place    | Note
-------+----------+-------------------------------------------
     0 | D:1      | rageheart7 the Draconian Transmuter began the quest for the
                  | Orb.
     0 | D:1      | Reached XP level 1. HP: 16/16 MP: 3/3
     7 | D:1      | You fall into a shaft and drop 1 floor!
   407 | D:1      | Reached XP level 2. HP: 24/24 MP: 5/5
   556 | D:1      | Found a faded altar of an unknown god.
  1279 | D:2      | Reached XP level 3. HP: 25/30 MP: 4/6
  1409 | D:2      | Identified a scroll of acquirement
  1410 | D:2      | Acquired the amulet of Eternity {Spirit Dex+3}
  2056 | D:3      | Found a glowing drain.
  2067 | D:3      | Killed from afar by an orc priest

Illustrated notes

Levels and vault maps discovered:
D:1:      dpeg_arrival_round_a, layout_loops_ring, ebering_ecumenical_altar_box
D:2:      layout_basic, uniq_crazy_yiuf_cottage
D:3:      layout_rooms, lemuel_doored_altar, gup_sewer_entry_glass,
          minmay_misc_feat_four_crosses, corexii_leaking_fountain,
          kennysheep_nub

Skill      XL: |  1  2 |
---------------+-------+-----
Fighting       | 2 |  2.9
Dodging        | |  1.7
Unarmed Combat | |  3.9
Spellcasting   | |  2.0
Transmutations | |  2.0

Action                   || total
-------------------------++-------
Melee: Unarmed           ||    80
       Headbutt          ||     9
       Kick              ||    15
       Tailslap          ||     3
 Cast: Beastly Appendage ||    25
  Use: Scroll            ||     7
       Potion            ||     2
Armor: Skin              ||    24
Dodge: Dodged            ||    50

Table legend: (Time is in decaauts)
 A = Elapsed time spent in this place.
 B = Non-inter-level travel time spent in this place.
 C = Inter-level travel time spent in this place.
 D = Time resting spent in this place.
 E = Time spent auto-exploring this place.
 F = Levels seen in this place.
 G = Mean time per level.
                   A        B        C        D        E       F      G
               +--------+--------+--------+--------+--------+-----+--------+
         Total |   2064 |   1996 |     68 |    108 |   1647 |   3 |  688.0 |
       Dungeon |   2064 |   1996 |     68 |    108 |   1647 |   3 |  688.0 |
               +--------+--------+--------+--------+--------+-----+--------+

Top non-repeatable levels by time:
     D:1: 1176 daAuts
     D:2: 865 daAuts
     D:3: 22 daAuts
